 Dungeon Crawl Stone Soup version 0.28-a0-802-g09f76e8c00 (webtiles) character file.

Game seed: 64240612144692908

22 spiderkeys the Ducker (level 2, -3/18 HPs)
             Began as a Deep Elf Abyssal Knight on Nov 7, 2021.
             Was a Follower of Lugonu.
             Killed from afar by Sigmund (10 damage)
             ... with a magic dart
             ... on level 2 of the Dungeon.
             The game lasted 00:01:26 (1170 turns).

spiderkeys the Ducker (Deep Elf Abyssal Knight)     Turns: 1170, Time: 00:01:27

Health: -3/18      AC:  3    Str: 10    XL:     2   Next: 68%
Magic:  5/5        EV: 12    Int: 14    God:    Lugonu [*.....]
Gold:   9          SH:  0    Dex: 15    Spells: 3/3 levels left

rFire   . . .      SeeInvis .   a - +1 spear
rCold   . . .      Faith    .   (no shield)
rNeg    . . .      Spirit   .   b - +0 leather armour
rPois   .          Reflect  .   (no helmet)
rElec   .          Harm     .   (no cloak)
rCorr   .          Rampage  .   (no gloves)
Will    .....                   (no boots)
Stlth   +.........              (no amulet)
HPRegen 0.06/turn               (no ring)
MPRegen 0.09/turn               (no ring)

@: brilliant
A: no striking features
a: Renounce Religion, Depart the Abyss


You were on level 2 of the Dungeon.
You worshipped Lugonu.
Lugonu was aware of your devotion.
You visited 1 branch of the dungeon, and saw 2 of its levels.
You visited the Abyss 1 time.

You collected 9 gold pieces.


   Skills:
 + Level 2.6 Fighting
 - Level 1.4(1.5) Polearms
 + Level 0.8(1.5) Staves
 - Level 0.7 Armour
 + Level 2.8 Dodging
 + Level 1.2 Spellcasting
 + Level 2.3 Invocations


You had 3 spell levels left.
You didn't know any spells.
Your spell library was empty.

Inventory:

Hand Weapons
 a - a +1 spear (weapon)
Missiles
 d - 7 arrows
 i - 23 stones
Armour
 b - a +0 leather armour (worn)
Jewellery
 N - a ring of positive energy
   (You took it off a kobold on level 1 of the Dungeon)
Potions
 c - a potion of brilliance

Dungeon Overview and Level Annotations

Branches:
Dungeon (2/15)

Altars:

Annotations:
D:2 Sigmund

*,,,,,,,,* *,,,,,* **,*,,,,,,<,,,
*,,,****** ***,*** ************,
*,,,* *,,,* *,,,, *,,,* *,***
*,*** *,,,* *,* ******* *,*
*,,,********,* *,,..,* *,*
,,,,,,,,,^,#,* #####....,* **,**
,,,,,,,,,,,#.###.b......,***,,,**
,,,,,,,,,,,#...{@#**,,,,,**,,,,,*
*,,,****,**####.<# *,,,,,**,,,,,*
*,,,****,..(.....# ********,,,,,*
*,,,,,,,,######.## *******,,,**
*,,,****,* #.******,,>* **,**
*,,,****,* #.*,,,,,,*,* *,*
,,,,,,**,* #.*<****,*,****,*
*,,,*,**,*** #.*,*,,,,*,,,,*,*
**,,,,,,,,,* #.,,,,*******,,,*


You could see a bat.


Message History

There is an open door here.
You open the door.
There is an open door here.
You open the door.
There is an open door here.
There is an open door here.
There is an open door here.
There is an open door here.
There is an open door here.
There is an open door here.
A goblin comes into view. It is wielding a +0 club.
The goblin shouts!
You reach to attack!
You hit the goblin. You barely miss the goblin. The goblin barely misses you.
You hit the goblin.
You kill the goblin!
Lugonu accepts your kill.
No target in view!
No target in view!
Found a stone staircase leading down.
Things that are here:
a +0 club; a goblin corpse
Things that are here:
a +0 club; a goblin corpse Key pressed, stopping explore.
Key pressed, stopping explore.
No target in view!
No target in view!
Key pressed, stopping explore.
A bat comes into view.
The bat closely misses you.
You hit the bat. The bat closely misses you. The bat closely misses you.
You reach to attack!
You hit the bat.
You kill the bat!
Lugonu accepts your kill.
No target in view!
No target in view!
You open the door.
There is an open door here.
Key pressed, stopping explore.
Done exploring.
No target in view!
Done exploring.
Done exploring.
You see here a +0 dagger.
There is a stone staircase leading down here.
You climb downwards.
Sigmund shouts!
There is a stone staircase leading up here.
You completely miss Sigmund. Sigmund barely misses you.
As you read the scroll labelled HONEZX JEWO, it crumbles to dust.
It is a scroll of amnesia.
You feel forgetful for a moment.
As you read the scroll labelled QARCHA LABARE, it crumbles to dust.
You feel aware of your surroundings.
It was a scroll of magic mapping.
Sigmund mumbles some strange words.
Sigmund flickers and vanishes!
Deactivating autopickup; reactivate with Ctrl-A.
You aren't carrying any scrolls.
It was a potion of brilliance.
You feel clever all of a sudden. Something hits you. 😕 HP[-2]
You take 2 damage, and now have 16/18 hp.
It was a potion of ambrosia.
You are confused.
You feel invigorated.
You hear some strange, mumbled words.
A magic dart appears from out of thin air!
The magic dart hits you!
Ouch! That really hurt!
* * * LOW HITPOINT WARNING * * *
😨 HP[-9]
You take 9 damage, and now have 7/18 hp.
MASSIVE DAMAGE!! (PAUSE) It was a potion of heal wounds.
You feel much better. Something hits you!
Ouch! That really hurt!
* * * LOW HITPOINT WARNING * * *
😨 HP[+2]
You regained 2 hp, and now have 9/18 hp.
You bump into the rock wall. 😕 HP[+5]
You regained 5 hp, and now have 14/18 hp.
A bat comes into view.
You feel less invigorated.
You feel less confused. Something hits you!
Ouch! That really hurt!
* * * LOW HITPOINT WARNING * * *
The bat barely misses you. 😨 HP[-7]
You take 7 damage, and now have 7/18 hp.
MASSIVE DAMAGE!! (PAUSE)
You miss something. The bat hits you but does no damage.
You hear some strange, mumbled words.
A magic dart appears from out of thin air!
The magic dart hits you!
Ouch! That really hurt!
You die...

Skill      XL: |  1  2 |
---------------+-------+-----
Spellcasting   | 1 |  1.2
Fighting       | |  2.6
Polearms       | |  1.4
Staves         | |  0.8
Armour         | |  0.7
Dodging        | |  2.8
Invocations    | |  2.3

Action                   || total
-------------------------++-------
Melee: Spear             ||    55
  Use: Potion            ||     3
       Scroll            ||     2
 Stab: Sleeping          ||     2
Armor: Leather armour    ||     6
Dodge: Dodged            ||    24

Levels and vault maps discovered:
D:1:      erik_arrival_triangle_large, layout_basic,
          shapermc_ecumenical_altar_flowoftime
D:2:      layout_loops_cross, uniq_terence, uniq_sigmund, uniq_robin

Notes
Turn   | Place    | Note
-------+----------+-------------------------------------------
     0 | Abyss:1  | spiderkeys the Deep Elf Abyssal Knight began the quest for
                  | the Orb.
     0 | Abyss:1  | Reached XP level 1. HP: 13/13 MP: 4/4
     0 | Abyss:1  | magus.rc [v1.9.10]
    69 | Abyss:2  | Noticed a wretched star
    72 | D:1      | You pass through the gate.
    72 | D:1      | Escaped the Abyss
   148 | D:1      | Found a faded altar of an unknown god.
   344 | D:1      | Reached XP level 2. HP: 18/18 MP: 5/5
   395 | D:1      | Reached skill level 1 in Spellcasting
   714 | D:1      | Reached ** piety under Lugonu
  1161 | D:2      | Noticed Sigmund
  1170 | D:2      | Killed from afar by Sigmund

Vanquished Creatures
  3 bats (D:1)
  2 endoplasms (D:1)
  2 goblins (D:1)
  2 hobgoblins (D:1)
  2 jackals (D:1)
  2 kobolds (D:1)
  A quokka (D:1)
  3 ball pythons (D:1)
  A frilled lizard (D:1)
  2 rats (D:1)
20 creatures vanquished.

Vanquished Creatures (others)
  5 plants (D:1)
  4 withered plants (D:1)
9 creatures vanquished.

Grand Total: 29 creatures vanquished

Table legend:
 A = Non-vault XP
 B = Vault XP
 C = Vault XP percentage of total XP
 D = Non-vault monster count
 E = Vault monster count
 F = Vault count percentage of total count
                 A         B        C        D         E       F
            +---------+---------+-------+---------+---------+-------
      Total |      32 |       0 |   0.0 |      20 |       0 |   0.0
            +---------+---------+-------+---------+---------+-------
        D:1 |      32 |       0 |   0.0 |      20 |       0 |   0.0
            +---------+---------+-------+---------+---------+-------

Illustrated notes

Table legend:
 A = Kills in this place as a percentage of kills in entire the game.
 B = Kills by you in this place as a percentage of kills by you in the entire game.
 C = Kills by friends in this place as a percentage of kills by friends in the entire game.
 D = Other kills in this place as a percentage of other kills in the entire game.
 E = Experience gained in this place as a percentage of experience gained in the entire game.
 F = Experience gained in this place divided by the number of levels of this place that you have seen.
                   A       B       C       D       E      F
               +-------+-------+-------+-------+-------+----------------------
         Total | 100.0 | 100.0 |   N/A |   N/A | 100.0 |   8.0
       Dungeon | 100.0 | 100.0 |   N/A |   N/A | 100.0 |  16.0
               +-------+-------+-------+-------+-------+----------------------

Table legend: (Time is in decaauts)
 A = Elapsed time spent in this place.
 B = Non-inter-level travel time spent in this place.
 C = Inter-level travel time spent in this place.
 D = Time resting spent in this place.
 E = Time spent auto-exploring this place.
 F = Levels seen in this place.
 G = Mean time per level.
                   A        B        C        D        E       F      G
               +--------+--------+--------+--------+--------+-----+--------+
         Total |   1172 |   1115 |     57 |      0 |    932 |   4 |  293.0 |
       Dungeon |   1099 |   1042 |     57 |      0 |    928 |   2 |  549.5 |
         Abyss |     73 |     73 |      0 |      0 |      4 |   2 |   36.5 |
               +--------+--------+--------+--------+--------+-----+--------+

Top non-repeatable levels by time:
     D:1: 1090 daAuts
 Abyss:1: 50 daAuts
 Abyss:2: 22 daAuts
     D:2: 8 daAuts
